 Dungeon Crawl Stone Soup version 0.28.0-1-gb440e238dd (webtiles) character file.

Game seed: 8508011202040820283

186 mortz the Skirmisher (level 5, -2/47 HPs)
             Began as a Hill Orc Fighter on Feb 27, 2022.
             Slain by an orc (8 damage)
             ... on level 3 of the Dungeon.
             The game lasted 00:18:11 (3467 turns).

mortz the Skirmisher (Hill Orc Fighter)             Turns: 3467, Time: 00:18:11

Health: -2/47      AC:  9    Str: 21    XL:     5   Next: 66%
Magic:  5/5        EV:  9    Int:  8    God:
Gold:   77         SH:  4    Dex: 10    Spells: 4/4 levels left

rFire   . . .      SeeInvis +   a - +0 war axe {axe}
rCold   . . .      Faith    .   c - +0 buckler
rNeg    . . .      Spirit   .   b - +0 scale mail
rPois   .          Reflect  .   m - +0 helmet
rElec   .          Harm     .   (no cloak)
rCorr   .          Rampage  .   (no gloves)
Will    .....                   f - +0 pair of boots
Stlth   ..........              (no amulet)
HPRegen 0.15/turn               s - ring of see invisible
MPRegen 0.09/turn               (no ring)

@: no status effects
A: no striking features
a: no special abilities


You were on level 3 of the Dungeon.
You visited 1 branch of the dungeon, and saw 3 of its levels.

You collected 77 gold pieces.


   Skills:
 + Level 4.8 Fighting
 + Level 4.4 Axes
 + Level 1.0 Throwing
 + Level 4.3 Armour
 + Level 0.6 Dodging
 + Level 3.8 Shields


You had 4 spell levels left.
You didn't know any spells.
Your spell library was empty.

Inventory:

Hand Weapons
 a - a +0 war axe (weapon) {axe}
 l - a +0 antimagic mace {mace}
   (You found it on level 2 of the Dungeon)
 n - a +0 dagger of flaming {short}
   (You took it off a goblin on level 2 of the Dungeon)
 v - a +0 spear {polearm}
   (You took it off a gnoll on level 3 of the Dungeon)
Missiles
 e - 108 stones (quivered) {throwing}
 q - 5 poisoned darts {throwing}
 u - a throwing net {=f!fthrowing}
Armour
 b - a +0 scale mail (worn)
 c - a +0 buckler (worn)
 f - a +0 pair of boots (worn)
   (You found it on level 1 of the Dungeon)
 m - a +0 helmet (worn)
   (You took it off Robin on level 2 of the Dungeon)
Jewellery
 s - a ring of see invisible (left hand)
   (You found it on level 3 of the Dungeon)
Scrolls
 g - a scroll of immolation {unknown}
 i - a scroll of fog {unknown}
 k - 2 scrolls of identify {unknown}
 o - a scroll of amnesia {unknown}
 r - a scroll of fear {unknown}
Potions
 d - a potion of might
 h - 2 potions of attraction {unknown}
 j - a potion of flight {unknown}
 p - a potion of mutation {unknown}
 t - a potion of magic {unknown}

Dungeon Overview and Level Annotations

Branches:
Dungeon (3/15)

Altars:

Annotations:
D:2 1 runed translucent door, Crazy Yiuf

#(# .' #.# .. #.# .. #.###
#... #..
#)##################
#.#.....).....#....#
#o)@..........'....' ##
###'#...........#....#
.####
#...#############''''#
....# #...# ...............
###.# ##### ≈≈≈≈≈≈≈≈≈≈....≈
#.#
...≈≈≈≈≈≈≈≈≈≈≈≈≈≈≈≈≈≈≈....≈
###.#
...≈≈≈≈≈≈≈≈≈≈≈≈≈≈≈≈≈≈≈....≈
..#.#
...P......................
..###
#...............).......)#


You could see an orc.


Message History

You block the gnoll's attack.
You hear a shout! 😕 HP[-2]
You take 2 damage, and now have 45/47 hp.
You hit the gnoll. The gnoll closely misses you.
The orc hits you from afar with a +0 trident.
The gnoll hits you but does no damage. x2 😕 HP[-2]
You take 2 damage, and now have 43/47 hp.
You closely miss the gnoll. The orc hits you but does no damage.
The gnoll hits you from afar with a +0 spear.
The gnoll hits you but does no damage. 😕 HP[-5]
You take 5 damage, and now have 38/47 hp.
You barely miss the gnoll. The orc barely misses you.
The gnoll barely misses you. The gnoll closely misses you. x2
The orc barely misses you.
You slash the gnoll!
You kill the gnoll!
The orc closely misses you.
The gnoll throws a stone.
The stone hits you but does no damage. 😕 HP[+1]
The gnoll hits you but does no damage.
The orc hits you from afar with a +0 trident. 😕 HP[-2]
You take 2 damage, and now have 37/47 hp.
You slash the gnoll! The gnoll closely misses you. The gnoll barely misses you.
The orc closely misses you. The gnoll misses you.
You hit the gnoll.
The orc hits you from afar with a +0 trident.
You block the gnoll's attack.
The gnoll hits you from afar with a +0 spear.
The orc hits you from afar with a +0 trident!
The gnoll hits you with a +0 spear.
* * * LOW HITPOINT WARNING * * *
😨 HP[-14]
You take 14 damage, and now have 23/47 hp.
MASSIVE DAMAGE!! (PAUSE)
You barely miss the gnoll.
The gnoll hits you from afar with a +0 spear.
* * * LOW HITPOINT WARNING * * *
The orc hits you but does no damage.
The gnoll hits you but does no damage. 😨 HP[-2]
You take 2 damage, and now have 21/47 hp.
You closely miss the gnoll. The gnoll barely misses you.
The orc hits you but does no damage. The gnoll hits you with a +0 spear.
* * * LOW HITPOINT WARNING * * *
😨 HP[-3]
You take 3 damage, and now have 18/47 hp.
You barely miss the gnoll. The gnoll hits you but does no damage.
You block the gnoll's attack. The orc closely misses you.
The gnoll hits you but does no damage.
You slash the gnoll!
You kill the gnoll!
The orc barely misses you. The gnoll hits you but does no damage.
The orc barely misses you.
There is an open door here.
Items here: )))) [ †.
The gnoll throws a throwing net.
The throwing net hits you.
You become entangled in the net!
You see here a throwing net {=f!fthrowing}.
You cannot throw anything while held in a net.
You struggle against the net. 😨 HP[+1]
You struggle against the net.
The gnoll hits you from afar with a +0 spear.
* * * LOW HITPOINT WARNING * * *
😨 HP[-3]
You take 3 damage, and now have 16/47 hp.
You struggle against the net.
The gnoll hits you but does no damage.
You rip the net and break free!
The gnoll hits you from afar with a +0 spear.
* * * LOW HITPOINT WARNING * * *
😱 HP[-5]
You take 5 damage, and now have 11/47 hp.
The orc barely misses you. The gnoll hits you with a +0 spear.
* * * LOW HITPOINT WARNING * * *
😱 HP[-2]
You take 2 damage, and now have 9/47 hp.
You barely miss the gnoll. The orc closely misses you.
The gnoll barely misses you.
You slash the gnoll! The orc hits you but does no damage.
The gnoll barely misses you. 😱 HP[+1]
You barely miss the gnoll. The orc barely misses you.
You block the gnoll's attack.
The orc hits you from afar with a +0 trident.
* * * LOW HITPOINT WARNING * * *
The gnoll hits you but does no damage. 😱 HP[-1]
You take 1 damage, and now have 9/47 hp.
You barely miss the gnoll. The orc barely misses you.
The gnoll hits you with a +0 spear.
* * * LOW HITPOINT WARNING * * *
😱 HP[-3]
You take 3 damage, and now have 6/47 hp.
You hit the gnoll.
You kill the gnoll!
The orc hits you from afar with a +0 trident!
You die...

Skill      XL: |  1  2  3  4  5 |
---------------+----------------+-----
Axes           | 3 4 |  4.4
Fighting       | 4 |  4.8
Armour         | 4 |  4.3
Throwing       | 1 |  1.0
Dodging        | |  0.6
Shields        | |  3.8

Action                   |  1- 3 |  4- 6 || total
-------------------------+-------+-------++-------
Melee: War axe           |   146 |   133 ||   279
Throw: Stone             |    12 |    26 ||    38
       Dart              |       |    12 ||    12
Armor: Scale mail        |    57 |    76 ||   133
Dodge: Dodged            |    76 |    75 ||   151
Block: Buckler           |    35 |    33 ||    68

Levels and vault maps discovered:
D:1:      matt_arrival_los_fun, layout_basic, minmay_misc_feat_four_crosses,
          minmay_misc_feat_more_columns
D:2:      layout_basic, minmay_misc_feat_encased, uniq_robin,
          uniq_crazy_yiuf_cottage, uniq_jessica
D:3:      lemuel_castle_with_subvaults [lemuel_castle_interior_carwin_1],
          layout_rooms

Notes
Turn   | Place    | Note
-------+----------+-------------------------------------------
     0 | D:1      | mortz the Hill Orc Fighter began the quest for the Orb.
     0 | D:1      | Reached XP level 1. HP: 19/19 MP: 1/1
     0 | D:1      | magus.rc [v1.9.6]
   168 | D:1      | Reached skill level 3 in Axes
   169 | D:1      | Reached XP level 2. HP: 22/27 MP: 2/2
   424 | D:1      | Reached skill level 4 in Fighting
  1266 | D:1      | Reached XP level 3. HP: 33/33 MP: 3/3
  1644 | D:2      | Noticed Robin
  1742 | D:2      | Killed Robin
  1846 | D:2      | Reached XP level 4. HP: 40/40 MP: 4/4
  1987 | D:2      | Found a runed translucent door.
  1992 | D:2      | Noticed Crazy Yiuf
  3050 | D:3      | Reached skill level 4 in Axes
  3053 | D:3      | Reached skill level 4 in Armour
  3055 | D:3      | Reached XP level 5. HP: 44/47 MP: 5/5
  3269 | D:3      | Reached skill level 1 in Throwing
  3461 | D:3      | HP: 11/47 [gnoll (5)]
  3466 | D:3      | HP: 6/47 [gnoll (3)]
  3467 | D:3      | Slain by an orc

Vanquished Creatures
  Robin (D:2)
  7 gnolls (D:3)
  2 adders
  A worm (D:2)
  8 orcs (D:3)
  5 ball pythons
  3 bats (D:2)
  4 endoplasms
  3 giant cockroaches
  17 goblins
  5 hobgoblins
  8 jackals
  3 quokkas
  2 frilled lizards (D:2)
  10 kobolds
  5 rats
84 creatures vanquished.

Table legend:
 A = Non-vault XP
 B = Vault XP
 C = Vault XP percentage of total XP
 D = Non-vault monster count
 E = Vault monster count
 F = Vault count percentage of total count
                 A         B        C        D         E       F
            +---------+---------+-------+---------+---------+-------
      Total |     117 |     164 |  58.4 |      54 |      30 |  35.7
            +---------+---------+-------+---------+---------+-------
        D:1 |      37 |       4 |   9.8 |      22 |       2 |   8.3
        D:2 |      54 |      30 |  35.7 |      24 |       9 |  27.3
        D:3 |      26 |     130 |  83.3 |       8 |      19 |  70.4
            +---------+---------+-------+---------+---------+-------

Illustrated notes

Table legend:
 A = Kills in this place as a percentage of kills in entire the game.
 B = Kills by you in this place as a percentage of kills by you in the entire game.
 C = Kills by friends in this place as a percentage of kills by friends in the entire game.
 D = Other kills in this place as a percentage of other kills in the entire game.
 E = Experience gained in this place as a percentage of experience gained in the entire game.
 F = Experience gained in this place divided by the number of levels of this place that you have seen.
                   A       B       C       D       E      F
               +-------+-------+-------+-------+-------+----------------------
         Total | 100.0 | 100.0 |   N/A |   N/A | 100.0 |  93.7
       Dungeon | 100.0 | 100.0 |   N/A |   N/A | 100.0 |  93.7
               +-------+-------+-------+-------+-------+----------------------

Table legend: (Time is in decaauts)
 A = Elapsed time spent in this place.
 B = Non-inter-level travel time spent in this place.
 C = Inter-level travel time spent in this place.
 D = Time resting spent in this place.
 E = Time spent auto-exploring this place.
 F = Levels seen in this place.
 G = Mean time per level.
                   A        B        C        D        E       F      G
               +--------+--------+--------+--------+--------+-----+--------+
         Total |   3574 |   3527 |     47 |    376 |   2268 |   3 | 1191.3 |
       Dungeon |   3574 |   3527 |     47 |    376 |   2268 |   3 | 1191.3 |
               +--------+--------+--------+--------+--------+-----+--------+

Top non-repeatable levels by time:
     D:1: 1523 daAuts
     D:2: 1108 daAuts
     D:3: 942 daAuts
